 Dungeon Crawl Stone Soup version 0.20.1-1-g8b1a95d (webtiles) character file.

402 RicketyTrickster the Cutter (level 7, -5/44 HPs)
             Began as a Kobold Berserker on July 13, 2017.
             Was a Believer of Trog.
             Slain by Menkaure (13 damage)
             ... on level 4 of the Dungeon.
             The game lasted 00:10:05 (3522 turns).

RicketyTrickster the Cutter (Kobold Berserker)      Turns: 3522, Time: 00:10:05

Health: -5/44      AC:  5    Str: 16 (17) XL:     7   Next: 11%
Magic:  7/7        EV: 16    Int: 10      God:    Trog [**....]
Gold:   263        SH:  0    Dex: 13 (14) Spells: 6/6 levels left

rFire    + . .     SeeInvis .   a - +1 short sword
rCold    . . .     Gourm    .   (shield restricted)
rNeg     . . .     Faith    .   l - +0 leather armour
rPois    +         Spirit   .   (no helmet)
rElec    .         Reflect  .   k - +1 cloak
rCorr    .         Harm     .   (no gloves)
MR       ++...                  (no boots)
Stlth    ++........             (no amulet)
Regen    1.2/turn               f - ring of protection from cold
MPRegen  0.1/turn               g - ring of fire (curse)

@: berserk cooldown, regenerating
A: carnivore 3, clever 1, poison resistance, MP-powered wands
a: Berserk, Trog's Hand, Burn Spellbooks, Renounce Religion


You were on level 4 of the Dungeon.
You worshipped Trog.
Trog was pleased with you.
You were completely stuffed.

You visited 1 branch of the dungeon, and saw 4 of its levels.

You collected 263 gold pieces.

Inventory:

Hand Weapons
 a - a +1 short sword (weapon)
Armour
 k - a +1 cloak (worn)
 l - a +0 leather armour (worn)
Jewellery
 f - a ring of protection from cold (left hand)
 g - a cursed ring of fire (right hand)
Scrolls
 b - a scroll of remove curse
 h - 2 scrolls of enchant weapon
 n - a scroll of identify
Potions
 e - a potion of cancellation
Comestibles
 c - 2 meat rations
 d - a royal jelly
 j - 3 bread rations


   Skills:
 * Level 4.7 Fighting
 * Level 6.6 Short Blades
 * Level 2.7 Armour
 * Level 4.2 Dodging
 + Level 2.4 Stealth


You had 6 spell levels left.
You didn't know any spells.

Dungeon Overview and Level Annotations

Branches:
Dungeon (4/15)
 Temple: D:4-7

Altars:
Qazlal
Trog
The Shining One

Annotations:
D:4 Menkaure


Innate Abilities, Weirdness & Mutations

You are small and have problems with some larger weapons.
You are carnivorous and can eat meat at any time.
Your mind is acute. (Int +2)
Your system is resistant to poisons. (rPois)
You expend magic power (3 MP) to strengthen your wands.


Message History

The hound bites you.
* * * LOW HITPOINT WARNING * * *
The hound closely misses you.
Your skin crawls.
You feel resistant to hostile enchantments.
You feel somewhat less full.
Menkaure calls on the powers of darkness!
Your body is wracked with pain!
* * * LOW HITPOINT WARNING * * *
The hound convulses!
The hound barely misses you. Menkaure completely misses you.
Your skin crawls.
You feel resistant to hostile enchantments.
You feel somewhat less full. The hound bites you but does no damage.
Menkaure completely misses you. The hound barely misses you.
You're still recovering from your berserk rage.
You hit the hound.
The hound is severely wounded.
The hound bites you but does no damage. Menkaure hits you!
You die...

.# ###########.
...........
..........######
..........##...########.
.................%.....<
.#.#......##.........###
......M@...#...)##.###
.#.#..h....>.........
................####.#
.#.#............# )..
..........##....... ...
.#.#......##.....#. ...
..!.......##........ ..
.#.#...##.##....### ....
... ."$..


You could see Menkaure and a hound.

Vanquished Creatures
  Blork the orc (D:4)
  A scorpion (D:4)
  2 hounds (D:4)
  Natasha (thrice) (D:2)
  An orc wizard (D:3)
  An iguana (D:4)
  2 adders (D:2)
  An ooze (D:1)
  2 adder skeletons (D:4)
  2 worms (D:3)
  3 dart slugs
  3 leopard geckos
  5 orcs (D:3)
  8 bats
  3 giant cockroaches
  5 hobgoblins
  2 jackals (D:2)
  A quokka (D:4)
  4 frilled lizards
  10 goblins
  3 kobolds (D:1)
  A leopard gecko skeleton (D:3)
  9 rats
73 creatures vanquished.

Notes
Turn   | Place    | Note
-------+----------+-------------------------------------------
     0 | D:1      | RicketyTrickster the Kobold Berserker began the quest for the Orb.
     0 | D:1      | Reached XP level 1. HP: 14/14 MP: 1/1
   125 | D:1      | Reached XP level 2. HP: 3/19 MP: 2/2
   665 | D:1      | Reached XP level 3. HP: 20/24 MP: 3/3
  1314 | D:2      | Noticed Natasha
  1325 | D:2      | Killed Natasha
  1325 | D:2      | Reached XP level 4. HP: 6/29 MP: 4/4
  1330 | D:2      | Reached skill level 5 in Short Blades
  1439 | D:2      | Noticed Natasha
  1451 | D:2      | Killed Natasha
  1463 | D:2      | Noticed Natasha
  1477 | D:2      | Reached ** piety under Trog
  1495 | D:2      | Reached XP level 5. HP: 10/33 MP: 5/5
  1539 | D:2      | Killed Natasha
  1733 | D:2      | Gained mutation: You expend magic power (3 MP) to strengthen your wands. [potion of mutation]
  1733 | D:2      | Gained mutation: Your system is resistant to poisons. (rPois) [potion of mutation]
  1733 | D:2      | Gained mutation: Your mind is acute. (Int +2) [potion of mutation]
  2053 | D:2      | Found a bloodstained altar of Trog.
  2054 | D:2      | Found a stormy altar of Qazlal.
  2157 | D:3      | Reached skill level 6 in Short Blades
  2406 | D:3      | Reached XP level 6. HP: 36/38 MP: 6/6
  2548 | D:3      | Reached skill level 1 in Stealth
  2743 | D:3      | Found a glowing golden altar of the Shining One.
  3062 | D:4      | Noticed Blork the orc
  3201 | D:4      | Killed Blork the orc
  3488 | D:4      | Reached XP level 7. HP: 44/44 MP: 7/7
  3510 | D:4      | Noticed Menkaure
  3522 | D:4      | Slain by Menkaure

Skill      XL: |  1  2  3  4  5  6 |
---------------+-------------------+-----
Fighting       | 4 |  4.7
Dodging        | 3 4 |  4.2
Short Blades   | 5 6 |  6.6
Armour         | 2 |  2.7
Stealth        | 2 |  2.4

Action                   |  1- 3 |  4- 6 |  7- 9 || total
-------------------------+-------+-------+-------++-------
Melee: Short sword       |    88 |   203 |    13 ||   304
Invok: Berserk           |     1 |     6 |       ||     7
       Trog's Hand       |       |       |     2 ||     2
  Use: Scroll            |     6 |     4 |       ||    10
       Potion            |     3 |     3 |       ||     6
 Stab: Sleeping          |     3 |     1 |       ||     4
  Eat: Chunk             |    10 |    12 |     1 ||    23
Armor: Animal skin       |    19 |       |       ||    19
       Leather armour    |       |    34 |     6 ||    40
Dodge: Dodged            |    61 |   129 |    23 ||   213
